 Dungeon Crawl Stone Soup version 0.31-a0-819-gf6de2f5ab6 (webtiles) character file.

Game seed: 11585146196085033237

36 Kurtz the Trooper (level 3, -2/26 HPs)
             Began as an Octopode Fighter on Sept 25, 2023.
             Slain by a gnoll
             ... wielding a +0 club
              (4 damage)
             ... on level 3 of the Dungeon.
             The game lasted 00:01:23 (1797 turns).

Kurtz the Trooper (Octopode Fighter)                Turns: 1797, Time: 00:01:24

Health: -2/26      AC:  1    Str: 15    XL:     3   Next: 37%
Magic:  3/3        EV: 13    Int: 10    God:
Gold:   73         SH:  4    Dex: 13    Spells: 2/2 levels left

rFire   . . .        a - +0 war axe
rCold   + . .        b - +0 buckler
rNeg    . . .        (helmet restricted)
rPois   .            (no amulet)
rElec   .            (no ring)
rCorr   .            (no ring)
SInv    .            (no ring)
Will    .....        (no ring)
Stlth   ++           (no ring)
HPRegen 0.24/turn    (no ring)
MPRegen 0.08/turn    (no ring)
                     (no ring)

%: no passive effects
@: no status effects
A: almost no armour, amphibious, 8 rings, camouflage 1, gelatinous body 1,
(nimble swimmer 1), tentacles, cold resistance 1, no potion heal 1
a: no special abilities


You were on level 3 of the Dungeon.
You visited 1 branch of the dungeon, and saw 3 of its levels.

You collected 73 gold pieces.

Inventory:

Hand Weapons
 a - a +0 war axe (weapon)
Missiles
 g - 4 javelins
Armour
 b - a +0 buckler (worn)
Scrolls
 d - a scroll of immolation {unknown}
 e - 3 scrolls of identify {unknown}
 f - a scroll of noise {unknown}
 j - a scroll of amnesia {unknown}
 l - a scroll of enchant armour {unknown}
Potions
 c - a potion of might
 k - a potion of curing {unknown}


   Skills:
 + Level 3.4 Fighting
 * Level 3.2 Axes
 - Level 3.0 Dodging
 - Level 3.0 Shields


You had 2 spell levels left.
You didn't know any spells.
Your spell library contained the following spells:

 Spells                   Type           Power      Damage    Failure   Level
 Summon Small Mammal      Summ           0%         N/A       45%         1
 Call Canine Familiar     Summ           0%         N/A       83%         3
 Summon Guardian Golem    Hex/Summ       0%         N/A       83%         3


Dungeon Overview and Level Annotations

Branches:
Dungeon (3/15)

Altars:


Innate Abilities, Weirdness & Mutations

You cannot wear most types of armour.
You are amphibious.
You can wear up to eight rings at the same time.
Your skin changes colour to match your surroundings (Stealth+).
Your rubbery body absorbs attacks. (AC +1, EV +1)
((You are camouflaged when in or above water. (Stealth+)))
You have tentacles for arms and can constrict up to eight enemies at once.
Your flesh is cold resistant. (rC+)
Potions are less effective at restoring your health.


Message History

Done exploring.
No target in view!
Done exploring.
No target in view!
Done exploring.
There is a stone staircase leading down here.
You climb downwards.
Found 28 gold pieces.
Found a stone staircase leading up.
There is a stone staircase leading up here.
There are monsters nearby!
An adder comes into view.
The adder hisses angrily.
The gnoll shouts! x3; The goblin shouts!
The gnoll hits you with a +0 whip.
There are monsters nearby!
You closely miss the gnoll. You grab the gnoll. You constrict the gnoll.
The gnoll misses you.
Unknown command.
There are monsters nearby!
You completely miss the gnoll. You squeeze the gnoll.
The gnoll is severely wounded.
You hit the gnoll. You constrict the gnoll.
The gnoll hits you from afar with a +0 spear!
The gnoll hits you with a +0 whip!
* * * LOW HITPOINT WARNING * * *
There are monsters nearby!
You are too injured to fight recklessly!
You are too injured to fight recklessly!
Unknown command.
You release your grip on the gnoll.
There is a stone staircase leading up here.
It was a potion of mutation.
You feel extremely strange.
You feel clumsy.
You feel resistant to cold.
Your system partially rejects the healing effects of potions.
You feel agile. You block the goblin's attack. The gnoll closely misses you. x2
The gnoll hits you from afar with a +0 spear.
* * * LOW HITPOINT WARNING * * *
It was a potion of cancellation.
You feel magically purged. The goblin misses you.
The gnoll hits you with a +0 club.
You die...

#.# ### #. #...
.. #.###... ..
#......# .#
##......##.##
....$.......##
.......g.....###
.......g@.......
......Sg.##.....
........g# ###
.........#
..........
...<.....##
###......#
#.......
........


You could see 3 gnolls, an adder and a goblin.

Vanquished Creatures
  A worm (D:2)
  5 endoplasms (D:1)
  2 giant cockroaches (D:1)
  A goblin (D:1)
  3 hobgoblins (D:2)
  5 kobolds
  5 ball pythons
  5 bats
  3 frilled lizards
  4 rats
34 creatures vanquished.

Notes
Turn   | Place    | Note
-------+----------+-------------------------------------------
     0 | D:1      | Kurtz the Octopode Fighter began the quest for the Orb.
     0 | D:1      | Reached XP level 1. HP: 16/16 MP: 1/1
   202 | D:1      | Reached XP level 2. HP: 21/21 MP: 2/2
   944 | D:2      | Reached XP level 3. HP: 23/26 MP: 3/3
  1796 | D:3      | Gained mutation: You are clumsy. (Dex -2) [potion of
                  | mutation]
  1796 | D:3      | Gained mutation: Your flesh is cold resistant. (rC+)
                  | [potion of mutation]
  1796 | D:3      | Gained mutation: Potions are less effective at restoring
                  | your health. [potion of mutation]
  1796 | D:3      | Lost mutation: You are clumsy. (Dex -2) [potion of
                  | mutation]
  1797 | D:3      | Slain by a gnoll

Illustrated notes

Levels and vault maps discovered:
D:1:      dpeg_arrival_prison, layout_basic, serial_rivers,
          chequers_serial_rivers_micro_d, chequers_serial_rivers_micro_e,
          chequers_serial_rivers_large_a, chequers_serial_rivers_micro_e,
          chequers_serial_rivers_micro_c
D:2:      minmay_alternating_diamond, layout_loops_ring
D:3:      layout_loops_ring, ebering_ecumenical_altar_hall, st_stairs_12,
          uniq_sigmund

Skill      XL: |  1  2 |
---------------+-------+-----
Axes           | 3 |  3.2
Fighting       | |  3.4
Dodging        | |  3.0
Shields        | |  3.0

Action                     || total
---------------------------++-------
  Melee: War axe           ||    54
         Tentacles         ||     8
         Constrict         ||    12
         Punch             ||     1
    Use: Potion            ||     2
   Stab: Sleeping          ||     9
 Armour: Skin              ||    30
  Dodge: Dodged            ||    29
  Block: Buckler           ||    12

Table legend: (Time is in decaauts)
 A = Elapsed time spent in this place.
 B = Non-inter-level travel time spent in this place.
 C = Inter-level travel time spent in this place.
 D = Time resting spent in this place.
 E = Time spent auto-exploring this place.
 F = Levels seen in this place.
 G = Mean time per level.
                   A        B        C        D        E       F      G
               +--------+--------+--------+--------+--------+-----+--------+
         Total |   1818 |   1704 |    114 |    185 |   1315 |   3 |  606.0 |
       Dungeon |   1818 |   1704 |    114 |    185 |   1315 |   3 |  606.0 |
               +--------+--------+--------+--------+--------+-----+--------+

Top non-repeatable levels by time:
     D:2: 911 daAuts
     D:1: 900 daAuts
     D:3: 6 daAuts
